 Dungeon Crawl Stone Soup version 0.28.0-43-g3370ac3207 (webtiles) character file.

Game seed: 9281305489099111528

16 terff the Sneak (level 2, 0/19 HPs)
             Began as an Octopode Brigand on Mar 20, 2022.
             Slain by a bat (1 damage)
             ... on level 1 of the Dungeon.
             The game lasted 00:01:32 (417 turns).

terff the Sneak (Octopode Brigand)                   Turns: 417, Time: 00:01:33

Health: 0/19       AC:  1    Str: 10    XL:     2   Next: 54%
Magic:  2/2        EV: 12    Int: 13    God:
Gold:   0          SH:  0    Dex: 13    Spells: 1/1 levels left

rFire   . . .      SeeInvis .   a - +2 dagger (flame)
rCold   . . .      Faith    .   (no shield)
rNeg    . . .      Spirit   .   (helmet restricted)
rPois   .          Reflect  .   (no amulet)
rElec   .          Harm     .   (no ring)
rCorr   .          Rampage  .   (no ring)
Will    .....                   (no ring)
Stlth   ++++......              (no ring)
HPRegen 0.06/turn               (no ring)
MPRegen 0.08/turn               (no ring)
                                (no ring)
                                (no ring)

@: no status effects
A: almost no armour, amphibious, 8 rings, camouflage 1, gelatinous body 1,
(nimble swimmer 1), tentacles
a: no special abilities


You were on level 1 of the Dungeon.
You visited 1 branch of the dungeon, and saw 1 of its levels.

Inventory:

Hand Weapons
 a - a +2 dagger of flaming (weapon)
Missiles
 b - 8 poisoned darts (quivered)
 c - 2 curare-tipped darts
Scrolls
 h - a scroll of magic mapping
Potions
 f - a potion of magic {unknown}


   Skills:
 + Level 2.2 Fighting
 + Level 2.0 Short Blades
 + Level 2.2 Throwing
 + Level 1.0 Dodging
 + Level 6.0 Stealth


You had one spell level left.
You didn't know any spells.
Your spell library contained the following spells:

 Spells                   Type           Power      Damage    Failure   Level
 Magic Dart               Conj           0%         1d3       30%         1
 Searing Ray              Conj           0%         2d4       43%         2
 Fulminant Prism          Conj/Hex       0%         3d6       97%         4


Dungeon Overview and Level Annotations

Branches:
Dungeon (1/15)

Altars:


Innate Abilities, Weirdness & Mutations

You cannot wear most types of armour.
You are amphibious.
You can wear up to eight rings at the same time.
Your skin changes colour to match your surroundings (Stealth+).
Your rubbery body absorbs attacks. (AC +1, EV +1)
((You are camouflaged when in or above water. (Stealth+)))
You have tentacles for arms and can constrict up to eight enemies at once.


Message History

You hit the rat. You burn the rat.
You kill the rat!
The bat hits you.
You completely miss the goblin. Your grab misses the goblin.
You squeeze the goblin.
You kill the goblin!
The bat hits you but does no damage.
You closely miss the bat. You grab the bat.
You squeeze the bat, but do no damage. You constrict the bat.
The bat hits you but does no damage.
The bat escapes!
You barely miss the bat. Your grab misses the bat.
The bat is moderately wounded.
The bat closely misses you. The endoplasm hits you.
You hit the endoplasm but do no damage. The bat closely misses you.
The bat barely misses you. The endoplasm freezes you.
You are frozen.
You hit the endoplasm but do no damage. The bat barely misses you.
You hit the endoplasm. You burn the endoplasm.
The endoplasm is moderately wounded.
The bat closely misses you. The endoplasm freezes you.
You are frozen.
You hit the endoplasm. You burn the endoplasm.
The endoplasm is almost dead.
The bat misses you. The endoplasm freezes you.
You are frozen.
* * * LOW HITPOINT WARNING * * *
The bat misses you.
You hit the endoplasm. You burn the endoplasm.
You kill the endoplasm!
The bat hits you.
* * * LOW HITPOINT WARNING * * *
Your Stealth skill increases to level 6!
The bat closely misses you.
You miss the bat. You grab the bat. You squeeze the bat, but do no damage.
You constrict the bat. The bat hits you.
You die...

*,,,,,,,* *,,*******,*,,,***
*,,,***** #..# *,*,,,,,* *,,,*
***#..# *.###...# ***,*
*,*#..##*** *........ ********,*
*,*#...,..# #........ *,,,,,,,,*
*,*#..#*#.# #........
**,**********,*#..# #.###........
#.# *,,,*,*#..# #...#..,,.... #.#
#.#.#.##@.# #.....#***#.# #.#
*.#.#.##b.###.#.#.#####รท. #.#
*,....##..#.....#.#...... #.#
**#...##.)..........####. ##.#
#...##.#####..#.#.# ## .#.#
#...##.###....#.#.# #
.#.########............##.#.# #
.#.................#.####.#.#
..........#............##.#.#####


You could see a bat.

Vanquished Creatures
  3 bats (D:1)
  2 endoplasms (D:1)
  A giant cockroach (D:1)
  3 goblins (D:1)
  2 kobolds (D:1)
  2 rats (D:1)
13 creatures vanquished.

Notes
Turn   | Place    | Note
-------+----------+-------------------------------------------
     0 | D:1      | terff the Octopode Brigand began the quest for the Orb.
     0 | D:1      | Reached XP level 1. HP: 14/14 MP: 1/1
     6 | D:1      | Noticed a polar bear
     6 | D:1      | Noticed a wyvern
     6 | D:1      | Noticed a scorpion
     7 | D:1      | Noticed an iguana
     7 | D:1      | Noticed a lindwurm
   202 | D:1      | Reached XP level 2. HP: 19/19 MP: 2/2
   415 | D:1      | Reached skill level 6 in Stealth
   417 | D:1      | Slain by a bat

Illustrated notes

Levels and vault maps discovered:
D:1:      onia_arrival_zoo_common, layout_basic, serial_shops,
          nicolae_shop_waterfront

Skill      XL: |  1  2 |
---------------+-------+-----
Stealth        | 6 |  6.0
Fighting       | |  2.2
Short Blades   | |  2.0
Throwing       | |  2.2
Dodging        | |  1.0

Action                   || total
-------------------------++-------
Melee: Dagger            ||    22
       Tentacles         ||     4
       Constrict         ||     3
  Use: Scroll            ||     5
 Stab: Sleeping          ||     8
Armor: Skin              ||     3
Dodge: Dodged            ||    14
